 Dungeon Crawl Stone Soup version 0.19-a0-1670-gc28a5d9 (webtiles) character file.

42 LORDOFBUTT the Sneak (level 3, 0/25 HPs)
             Began as an Octopode Assassin on Sept 22, 2016.
             Slain by a goblin
             ... wielding a +0 club
             ... led by Robin
              (7 damage)
             ... on level 2 of the Dungeon.
             The game lasted 00:00:56 (1028 turns).

LORDOFBUTT the Sneak (Octopode Assassin)            Turns: 1028, Time: 00:00:57

Health: 0/25       AC:  1    Str: 10    XL:     3   Next: 54%
Magic:  3/3        EV: 13    Int: 14    God:
Gold:   43         SH:  0    Dex: 13    Spells: 0 memorised, 2 levels left

rFire  . . .     SeeInvis .     a - +2 dagger
rCold  . . .     Gourm    .     (no shield)
rNeg   . . .     Faith    .     (helmet restricted)
rPois  .         Spirit   .     (no amulet)
rElec  .         Dismiss  .     (no ring)
rCorr  .         Reflect  .     (no ring)
MR     .....     Harm     .     (no ring)
Stlth  +++++.....               (no ring)
                                (no ring)
                                (no ring)
                                (no ring)
                                (no ring)

@: no status effects
A: almost no armour, stealthy swim, amphibious, 8 rings, constrict 8, camouflage
1, gelatinous body 1
a: no special abilities


You were on level 2 of the Dungeon.
You were not hungry.

You visited 1 branch of the dungeon, and saw 2 of its levels.

You collected 43 gold pieces.

Inventory:

Hand Weapons
 a - a +2 dagger (weapon)
 b - a +0 blowgun
Missiles
 c - 8 poisoned needles
 d - 2 curare-tipped needles
Scrolls
 i - a scroll of noise {unknown}
 j - a scroll of identify {unknown}
 k - a scroll of remove curse {unknown}
Potions
 e - a potion of agility {unknown}
Comestibles
 f - a bread ration
 g - 2 fruits
 h - a meat ration


   Skills:
 + Level 2.3 Fighting
 + Level 2.2 Short Blades
 + Level 2.0 Throwing
 + Level 1.0 Dodging
 + Level 6.6 Stealth


You had 2 spell levels left.
You didn't know any spells.

Dungeon Overview and Level Annotations

Branches:
Dungeon (2/15)

Altars:

Annotations:
D:2 Robin


Innate Abilities, Weirdness & Mutations

You cannot wear most types of armour.
You are very stealthy in the water.
You are amphibious.
You can wear up to eight rings at the same time.
You can use your tentacles to constrict eight enemies at once.
Your skin changes colour to match your surroundings (Stealth+).
Your rubbery body absorbs attacks. (AC +1, EV +1)


Message History

You hit Robin. You grab Robin.
Robin is lightly wounded.
You constrict Robin. The goblin hits you with a club.
Robin throws the goblin at you!
You hit Robin. Your squeeze misses Robin.
Robin is moderately wounded.
You constrict Robin, but do no damage. The goblin hits you with a club.
Robin struggles to escape constriction.
You release your grip on Robin.
Robin throws the goblin at you! Robin throws the goblin at you!
You hit the goblin.
You kill the goblin!
The goblin barely misses you. Robin throws the goblin at you!
The goblin hits you with a club. The goblin closely misses you.
You see here a dagger.
The goblin closely misses you. Robin throws the goblin at you!
* * * LOW HITPOINT WARNING * * *
The goblin hits you with a club!
You die...

####..# #..# #..#
#..## #...#####..
#.#†......#
#.)...#####
#########g###.###
.......gg@.......
........#g###....
.....)#..g# .###
......#†.###.# .
......ggg....# ##
.....gg..$...#
....g..#####.#
.>...## .. .....
#.


You could see Robin, 5 hobgoblins and 5 goblins.

Vanquished Creatures
  An adder (D:2)
  2 dart slugs
  A leopard gecko (D:1)
  3 bats (D:1)
  A giant cockroach (D:1)
  3 goblins (D:2)
  4 hobgoblins
  A kobold (D:1)
  13 frilled lizards (D:1)
29 creatures vanquished.

Notes
Turn   | Place    | Note
-------+----------+-------------------------------------------
     0 | D:1      | LORDOFBUTT the Octopode Assassin began the quest for the Orb.
     0 | D:1      | Reached XP level 1. HP: 14/14 MP: 1/1
   495 | D:1      | Reached XP level 2. HP: 19/19 MP: 2/2
   636 | D:1      | Reached skill level 6 in Stealth
   987 | D:2      | Reached XP level 3. HP: 24/24 MP: 3/3
  1017 | D:2      | Noticed Robin
  1028 | D:2      | Slain by a goblin

Vault maps used:
D:1:      evilmike_arrival_hilbert_curve, minmay_lizard_pond
D:2:      ecumenical_altar_1, uniq_robin

Skill      XL: |  1  2 |
---------------+-------+-----
Stealth        | 6 |  6.6
Fighting       | |  2.3
Short Blades   | |  2.2
Throwing       | |  2.0
Dodging        | |  1.0

Action                   || total
-------------------------++-------
Melee: Dagger            ||    51
       Constrict         ||    11
       Tentacles         ||     6
 Stab: Sleeping          ||     5
       Distracted        ||     1
Armor: Skin              ||     2
Dodge: Dodged            ||    24
